 Dungeon Crawl Stone Soup version 0.29.0-4-gdea44cf6ec (webtiles) character file.

Game seed: 12228518676897556127

27 qw the Ruffian (level 2, 0/29 HPs)
             Began as a Troll Cinder Acolyte on Sept 2, 2022.
             Was a High Priest of Ignis.
             Slain by Sigmund
             ... wielding a +0 scythe
              (4 damage)
             ... on level 2 of the Dungeon.
             The game lasted 00:00:21 (904 turns).

qw the Ruffian (Troll Cinder Acolyte)                Turns: 904, Time: 00:00:22

Health: 0/29       AC: 11    Str: 21    XL:     2   Next: 93%
Magic:  0/2        EV:  9    Int: 10    God:    Ignis [*****.]
Gold:   49         SH:  0    Dex:  5    Spells: 3/3 levels left

rFire   + . .      SeeInvis .     - Unarmed
rCold   . . .      Faith    .   (no shield)
rNeg    . . .      Spirit   +   a - +0 robe
rPois   .          Reflect  .   (helmet restricted)
rElec   .          Harm     .   (no cloak)
rCorr   .          Rampage  .   (gloves unavailable)
Will    .....                   (boots unavailable)
Stlth   +.........              b - amulet of guardian spirit
HPRegen 0.89/turn               (no ring)
MPRegen 0.08/turn               (no ring)

@: fiery-armoured
A: large, unfitting armour, claws 3, regeneration 1, shaggy fur 1, tough skin 1
a: Renounce Religion, Fiery Armour, Foxfire Swarm, Rising Flame


You were on level 2 of the Dungeon.
You worshipped Ignis.
Ignis was extremely pleased with you.
You visited 1 branch of the dungeon, and saw 2 of its levels.

You collected 49 gold pieces.


Innate Abilities, Weirdness & Mutations

You are too large for most types of armour.
You have claws for hands.
Your natural rate of healing is unusually fast.
You are covered in fur. (AC +1)
You have tough skin. (AC +1)


   Skills:
 - Level 2.4 Fighting
 + Level 0.3 Throwing
 - Level 4.1 Unarmed Combat
 - Level 1.0 Spellcasting
 - Level 2.1 Fire Magic


You had 3 spell levels left.
You didn't know any spells.
Your spell library contained the following spells:

 Spells                   Type           Power      Damage    Failure   Level
 Scorch                   Fire           8%         2d5       22%         2

Inventory:

Missiles
 c - 8 javelins (quivered)
Armour
 a - a +0 robe (worn)
Jewellery
 b - an amulet of guardian spirit (around neck)
Scrolls
 g - a scroll of identify
Potions
 d - a potion of mutation {unknown}

Dungeon Overview and Level Annotations

Branches:
Dungeon (2/15)

Altars:

Annotations:
D:2 Sigmund


Message History

Sigmund shouts!
Sigmund barely misses you.
You scratch Sigmund.
Sigmund is lightly wounded.
Sigmund hits you with a +0 scythe.
You closely miss Sigmund.
Sigmund is lightly wounded.
You claw Sigmund!
Sigmund is moderately wounded.
Sigmund casts a spell at you.
You are confused.
You scratch Sigmund but do no damage.
Sigmund is moderately wounded.
Sigmund gestures at you while chanting. The puff of flame hits you. You resist.
You miss Sigmund.
Sigmund is moderately wounded.
Sigmund gestures at you while chanting. The magic dart hits you.
You bump into the rock wall.
Sigmund barely misses you.
You bump into the rock wall.
Sigmund hits you from afar with a +0 scythe!
You bump into the rock wall.
Sigmund hits you from afar with a +0 scythe.
You're too confused to move!
You bump into the rock wall.
You feel less confused.
Sigmund hits you from afar with a +0 scythe!
901 ||| INVOKING Fiery Armour.
A protective cloak of flame settles atop you.
Sigmund closely misses you.
You claw Sigmund!
Sigmund is severely wounded.
Sigmund screams, "I am the angel of ZOT!!!"
Sigmund barely misses you.
You scratch Sigmund.
Sigmund is almost dead.
Sigmund hits you with a +0 scythe.
You die...

#.# #.#
#.####.###.#
#..........#
######.#####
#.# #####.#
..##.#
#@##.#
#@##.#
#....#
######


You could see Sigmund.

Vanquished Creatures
  An adder (D:2)
  A ball python (D:1)
  2 endoplasms
  A giant cockroach (D:2)
  2 hobgoblins (D:1)
  4 jackals (D:1)
  A bat (D:1)
  A frilled lizard (D:1)
  2 kobolds (D:1)
  A rat (D:1)
16 creatures vanquished.

Vanquished Creatures (others)
  A withered plant (D:1)
1 creature vanquished.

Grand Total: 17 creatures vanquished

Notes
Turn   | Place    | Note
-------+----------+-------------------------------------------
     0 | D:1      | qw the Troll Cinder Acolyte began the quest for the Orb.
     0 | D:1      | Reached XP level 1. HP: 22/22 MP: 1/1
     0 | D:1      | 0 ||| qw: Version: 0.1-a-97-g2dd2ca4
     0 | D:1      | 0 ||| qw: Game counter: 4908
     0 | D:1      | 0 ||| qw: Always use a shield: true
     0 | D:1      | 0 ||| qw: God list: Okawaru
     0 | D:1      | 0 ||| qw: Allow faded altars: false
     0 | D:1      | 0 ||| qw: Do Orc after D:15 true
     0 | D:1      | 0 ||| qw: Do second Lair branch before Depths: true
     0 | D:1      | 0 ||| qw: Lair rune preference: random
     0 | D:1      | 0 ||| qw: Plans: Normal
     0 | D:1      | 0 ||| PLANNING D:1-11
   129 | D:1      | 129 ||| Stepping ~*~*~tactically~*~*~ (stealth).
   135 | D:1      | Reached XP level 2. HP: 29/29 MP: 2/2
   138 | D:1      | 138 ||| Stepping ~*~*~tactically~*~*~ (stealth).
   139 | D:1      | 139 ||| Stepping ~*~*~tactically~*~*~ (stealth).
   147 | D:1      | Found a faded altar of an unknown god.
   667 | D:1      | 667 ||| UPGRADING to amulet of guardian spirit.
   672 | D:1      | 672 ||| READING 2 scrolls labelled ZYSIMEMYDE.
   673 | D:1      | 673 ||| READING scroll labelled XELEKE MASOPIA.
   674 | D:1      | 674 ||| READING 2 scrolls labelled JOMONA JEF NOMPOTE.
   675 | D:1      | 675 ||| READING scroll labelled VORIONISSUFI.
   678 | D:1      | 678 ||| READING scroll labelled QIYPNA SALOFAE.
   679 | D:1      | 679 ||| DROPPING scroll of blinking.
   776 | D:2      | Reached skill level 4 in Unarmed Combat
   888 | D:2      | Noticed Sigmund
   900 | D:2      | HP: 1/29 [Sigmund/+0 scythe (10)]
   901 | D:2      | 901 ||| INVOKING Fiery Armour.
   904 | D:2      | Slain by Sigmund

Levels and vault maps discovered:
D:1:      erik_arrival_triangle_small, layout_loops_ring,
          shapermc_ecumenical_altar_gd
D:2:      layout_basic, uniq_robin, uniq_sigmund

Skill      XL: |  1  2 |
---------------+-------+-----
Unarmed Combat | 4 |  4.1
Fighting       | |  2.4
Throwing       | |  0.3
Spellcasting   | |  1.0
Fire Magic     | |  2.1

Action                   || total
-------------------------++-------
Melee: Unarmed           ||    25
Throw: Javelin           ||    12
Invok: Fiery Armour      ||     1
  Use: Scroll            ||     5
Armor: Robe              ||     3
Dodge: Dodged            ||     7

Table legend:
 A = Non-vault XP
 B = Vault XP
 C = Vault XP percentage of total XP
 D = Non-vault monster count
 E = Vault monster count
 F = Vault count percentage of total count
                 A         B        C        D         E       F
            +---------+---------+-------+---------+---------+-------
      Total |      39 |       0 |   0.0 |      16 |       0 |   0.0
            +---------+---------+-------+---------+---------+-------
        D:1 |      22 |       0 |   0.0 |      13 |       0 |   0.0
        D:2 |      17 |       0 |   0.0 |       3 |       0 |   0.0
            +---------+---------+-------+---------+---------+-------
